 Dungeon Crawl Stone Soup version 0.18-b1-18-g7758cf2 (webtiles) character file.

52 Alarkh the Poker (level 3, -2/27 HPs)
             Began as a Mummy Skald on May 2, 2016.
             Slain by an orc (3 damage)
             ... on level 2 of the Dungeon.
             The game lasted 00:39:31 (1618 turns).

Alarkh the Poker (Mummy Skald)                      Turns: 1618, Time: 00:39:32

Health: -2/27      AC:  3    Str: 15    XL:     3   Next: 60%
Magic:  3/6        EV: 11    Int: 12    God:
Gold:   69         SH:  0    Dex: 11    Spells: 1 memorised, 5 levels left

rFire  x . .     SeeInvis .     a - +0 spear
rCold  + . .     Gourm    .     b - +0 leather armour
rNeg   + + +     Faith    .     (no shield)
rPois  ∞         Spirit   .     (no helmet)
rElec  .         Dismiss  .     (no cloak)
rCorr  .         Reflect  .     (no gloves)
SustAt .         Harm     .     (no boots)
MR     .....                    (no amulet)
Stlth  +.........               (no ring)
                                h - ring of flight

@: infused, not resistant to hostile enchantments, very unstealthy
A: no food or potions, fire vulnerability, cold resistance 1, negative energy
resistance 3, torment resistance, unbreathing
a: Evoke Flight


You were on level 2 of the Dungeon.
You were not hungry.

You visited 1 branch of the dungeon, and saw 3 of its levels.

You collected 69 gold pieces.

Inventory:

Hand Weapons
 a - a +0 spear (weapon)
Armour
 b - a +0 leather armour (worn)
Jewellery
 h - a ring of flight (left hand)
Scrolls
 e - a scroll of random uselessness
 f - a scroll of identify {unknown}
 g - a scroll of fear {unknown}
Books
 c - a book of Battle

   Spells                             Type                      Level
   a - Infusion                       Charms                       1
   b - Shroud of Golubria             Charms/Translocation         2
   c - Song of Slaying                Charms                       2
   d - Spectral Weapon                Hexes/Charms                 3
   e - Regeneration                   Charms/Necromancy            3


   Skills:
 - Level 2.0 Fighting
 + Level 3.3 Polearms
 - Level 0.7 Armour
 - Level 0.7 Dodging
 - Level 2.0 Spellcasting
 - Level 2.4 Charms


You had 5 spell levels left.
You knew the following spells:

 Your Spells              Type           Power        Failure   Level  Hunger
a - Infusion              Chrm           #...         14%         1    N/A

Dungeon Overview and Level Annotations

Branches:
Dungeon (3/15)

Altars:
Nemelex Xobeh


Innate Abilities, Weirdness & Mutations

You do not eat or drink.
Your flesh is vulnerable to fire.
You are immune to poison.
Your flesh is cold resistant.
You are immune to negative energy.
You are immune to unholy pain and torment.
You can survive without breathing.


Message History

You closely miss the orc. The orc hits you.
* * * LOW HITPOINT WARNING * * *
You hit the orc.
The orc is lightly wounded.
The orc hits you.
* * * LOW HITPOINT WARNING * * *
You closely miss the orc.
The orc is lightly wounded.
The orc hits you.
* * * LOW HITPOINT WARNING * * *
Casting: Infusion
Confirm with . or Enter, or press ? or * to list all spells.
You begin infusing your attacks with magical energy.
The orc hits you.
* * * LOW HITPOINT WARNING * * *
Unknown command.
You hit the orc.
The orc is heavily wounded.
The orc hits you.
You die...

................#.........####.##
.....#..........+.........##.#...
.....#..........#.........##....#
.....#..........#.........##.....
.....##.........#.##......##.....
.....##.........#.#<.............
##...............(...............
#......##......#.#..........#...
#......##.....o@................
##......##......#.#####.####.....
........#############.....#######
........###.#####...[##.##....###
........#.#...##..####...####..##
........##.##..........#.........
.......####†#...####..###..####..
........# ##.##........#........#
........# ##.#...####...####...#


You could see an orc.

Vanquished Creatures
  An adder (D:3)
  A worm (D:2)
  A dart slug (D:2)
  A giant gecko (D:2)
  An orc (D:3)
  A ball python (D:1)
  4 bats
  5 giant cockroaches
  6 goblins
  2 hobgoblins
  2 giant newts (D:1)
  6 kobolds
  4 rats
35 creatures vanquished.

Notes
Turn   | Place    | Note
--------------------------------------------------------------
     0 | D:1      | Alarkh the Mummy Skald began the quest for the Orb.
     0 | D:1      | Reached XP level 1. HP: 16/16 MP: 3/3
   129 | D:1      | Reached skill level 2 in Polearms
   196 | D:1      | Reached XP level 2. HP: 5/22 MP: 1/5
   941 | D:2      | Reached XP level 3. HP: 6/27 MP: 3/6
  1272 | D:2      | Reached skill level 3 in Polearms
  1423 | D:2      | Found a sparkling altar of Nemelex Xobeh.
  1616 | D:2      | HP: 1/27 [orc (1)]
  1618 | D:2      | Slain by an orc

Skill      XL: |  1  2  3 |
---------------+----------+-----
Polearms       | 2 3 |  3.3
Fighting       | |  2.0
Armour         | |  0.7
Dodging        | |  0.7
Spellcasting   | |  2.0
Charms         | |  2.4

Action                   || total
-------------------------++-------
Melee: Spear             ||   144
 Cast: Infusion          ||    17
  Use: Scroll            ||     2
Armor: Leather armour    ||    34
Dodge: Dodged            ||    54
